 Dungeon Crawl Stone Soup version 0.30.1-11-g7821555f0a (webtiles) character file.

Game seed: 17600355414004258965

109 psuckher the Chopper (level 4, -1/33 (41) HPs)
             Began as a Minotaur Berserker on Nov 15, 2023.
             Was a Believer of Trog.
             Slain by Eustachio
             ... wielding a +2 falchion of draining
              (6 damage)
             ... on level 4 of the Dungeon.
             The game lasted 00:16:43 (2175 turns).

psuckher the Chopper (Minotaur Berserker)           Turns: 2175, Time: 00:16:43

HP:   -1/33 (41)    AC:  2    Str: 24    XL:     4   Next: 59%
MP:   3/3           EV: 12    Int:  4    God:    Trog [**....]
Gold: 180           SH:  0    Dex:  9    Spells: 3/3 levels left

rFire   . . .        s - +1 falchion (holy)
rCold   . . .        (no shield)
rNeg    . . .        b - +0 animal skin
rPois   .            (helmet restricted)
rElec   .            (no cloak)
rCorr   .            (no gloves)
SInv    .            (no boots)
Will    .....        (no amulet)
Stlth   +            (no ring)
HPRegen 0.25/turn    (no ring)
MPRegen 0.08/turn

%: no passive effects
@: on berserk cooldown, slowed, heavily drained, very slow
A: horns 2, retaliatory headbutt
a: Renounce Religion, Berserk, Trog's Hand


You were on level 4 of the Dungeon.
You worshipped Trog.
Trog was pleased with you.
You visited 1 branch of the dungeon, and saw 4 of its levels.

You collected 180 gold pieces.

Inventory:

Hand Weapons
 a - a +0 hand axe
 i - a +5 whip of pain
 s - a +1 falchion of holy wrath (weapon)
 w - a +0 war axe
Armour
 b - a +0 animal skin (worn)
 e - a +0 pair of boots
 f - a +0 ring mail
 n - a +0 leather armour
 o - a +0 ring mail
Jewellery
 l - a ring of poison resistance
Scrolls
 c - 2 scrolls of blinking {unknown}
 d - 2 scrolls of enchant armour {unknown}
 g - a scroll of noise {unknown}
 j - a scroll of teleportation {unknown}
 m - 3 scrolls of identify {unknown}
 q - a scroll of immolation {unknown}
 r - a scroll of brand weapon {unknown}
 t - a scroll of amnesia {unknown}
Potions
 h - a potion of lignification {unknown}
 k - a potion of berserk rage {unknown}
 p - a potion of heal wounds {unknown}
 u - a potion of curing {unknown}
 v - a potion of ambrosia {unknown}


   Skills:
 + Level 4.4 Fighting
 + Level 1.2 Long Blades
 + Level 4.8 Axes
 + Level 0.1(2.9) Maces & Flails
 + Level 2.8 Armour
 + Level 2.8 Dodging
 + Level 1.0 Stealth


You had 3 spell levels left.
You didn't know any spells.
Your spell library contained the following spells:

 Spells                   Type           Power      Damage    Failure   Level
 Magic Dart               Conj           0%         1d3       50%         1
 Call Imp                 Summ           0%         N/A       65%         2
 Cigotuvi's Dreadful Rot  Necr/Pois/Air  0%         N/A       65%         2
 Ignite Poison            Fire/Tmut/Pois 0%         N/A       86%         3
 Inner Flame              Hex/Fire       0%         N/A       86%         3
 Mephitic Cloud           Conj/Pois/Air  0%         N/A       86%         3
 Flame Wave               Conj/Fire      0%         2d4       99%         4
 Sticky Flame             Conj/Fire      0%         2d3       99%         4
 Freezing Cloud           Conj/Ice/Air   0%         6-21      100%        5


Dungeon Overview and Level Annotations

Branches:
Dungeon (4/15)
 Temple: D:4-7

Altars:
Trog
Wu Jian

Annotations:
D:4 Eustachio


Innate Abilities, Weirdness & Mutations

You have a pair of horns on your head.
You reflexively headbutt those who attack you in melee.


Message History

Eustachio gestures wildly while chanting.
You barely miss Eustachio.
Eustachio mumbles some strange words.
Eustachio blinks!
You slash the rat!
You kill the rat!
The rat's corpse disappears in a puff of smoke!
Eustachio gestures wildly while chanting.
Eustachio blinks!
You feel a strong urge to attack something.
You are no longer berserk.
You are exhausted.
You feel yourself slow down.
Eustachio mumbles some strange words.
You hit Eustachio.
Eustachio is lightly wounded.
The bat hits you but does no damage.
Eustachio hits you with a +2 falchion of draining.
You feel drained. The bat closely misses you. You furiously retaliate!
You headbutt the bat!
You kill the bat!
The bat's corpse disappears in a puff of smoke!
Eustachio casts a spell.
Eustachio blinks!
You hit Eustachio but do no damage.
You headbutt Eustachio, but do no damage.
Eustachio is lightly wounded.
Eustachio closely misses you. x2
Eustachio hits you with a +2 falchion of draining!
You feel drained.
You closely miss Eustachio.
Eustachio is lightly wounded.
Eustachio hits you with a +2 falchion of draining!
You feel drained.
Eustachio hits you with a +2 falchion of draining.
* * * LOW HITPOINT WARNING * * *
You feel drained.
* * * LOW HITPOINT WARNING * * *
Eustachio hits you with a +2 falchion of draining.
You die...

#.............#.............#
#..∩..........+..............
#.............#..##.###.##.._
#.............#..##.###+##...
#.........>...#.......#......
#.............#.......#......
#.............#.......#......
#.......§.§...#.......#......
#.......§.§.@.#.......#......
........@.#..###.##..##.#
..........#..###†##..##>#
..........'.)............
..........#..............
..........###############
###########


You could see Eustachio (fast).

Vanquished Creatures
  4 adders
  An ufetubus (D:3)
  2 dart slugs
  An orc (D:4)
  6 endoplasms
  4 giant cockroaches
  2 goblins (D:2)
  6 hobgoblins
  3 jackals (D:2)
  2 quokkas
  9 ball pythons
  4 bats
  2 frilled lizards
  9 kobolds
  3 rats
58 creatures vanquished.

Notes
Turn   | Place    | Note
-------+----------+-------------------------------------------
     0 | D:1      | psuckher the Minotaur Berserker began the quest for the
                  | Orb.
     0 | D:1      | Reached XP level 1. HP: 19/19 MP: 0/0
    83 | D:1      | Reached XP level 2. HP: 21/27 MP: 1/1
   673 | D:2      | Reached XP level 3. HP: 33/33 MP: 2/2
   707 | D:2      | Found a faded altar of an unknown god.
   729 | D:2      | Reached ** piety under Trog
  1463 | D:3      | Reached XP level 4. HP: 40/41 MP: 3/3
  1740 | D:3      | Found an ornate altar of the Wu Jian Council.
  1743 | D:3      | Reached skill level 1 in Stealth
  2043 | D:4      | Reached skill level 1 in Long Blades
  2103 | D:4      | Found a bloodstained altar of Trog.
  2161 | D:4      | Noticed Eustachio
  2175 | D:4      | Slain by Eustachio

Illustrated notes

Levels and vault maps discovered:
D:1:      sevenhm_arrival_forest_fort_small_4, layout_basic
D:2:      wander_river, layout_rooms, ebering_ecumenical_altar_mist,
          uniq_crazy_yiuf_cottage
D:3:      layout_basic, nicolae_wu_jian_immortal_techniques
D:4:      layout_gridville, marbit_many_paths, bloody_trog,
          kennysheep_slug_shrine, abandoned_shop, uniq_natasha, uniq_eustachio,
          uniq_blork_the_orc

Skill      XL: |  1  2  3  4 |
---------------+-------------+-----
Axes           | 4 |  4.8
Fighting       | 4 |  4.4
Stealth        | 1 |  1.0
Long Blades    | 1 |  1.2
Maces & Flails | |  0.1
Armour         | |  2.8
Dodging        | |  2.8

Action                     |  1- 3 |  4- 6 || total
---------------------------+-------+-------++-------
  Melee: Hand axe          |    83 |       ||    83
         Headbutt          |     7 |     4 ||    11
         Whip              |     1 |       ||     1
         Falchion          |     1 |    32 ||    33
 Invoke: Berserk           |       |     1 ||     1
   Stab: Sleeping          |     1 |       ||     1
 Armour: Animal skin       |    11 |     5 ||    16
  Dodge: Dodged            |    60 |    27 ||    87
